 Dungeon Crawl Stone Soup version 0.31.0-4-g52a2dc7128 (webtiles) character file.

Game seed: 13132361689180403101

6233 jasper the Grappler (level 10, -3/129 HPs)
             Began as an Armataur Berserker on Jan 22, 2024.
             Was an Elder of Trog.
             Slain by a kobold brigand
             ... wielding a +0 war axe
              (6 damage)
             ... in a bailey.
             The game lasted 00:13:39 (7922 turns).

jasper the Grappler (Armataur Berserker)            Turns: 7922, Time: 00:13:39

Health: -3/129     AC:  9    Str: 23    XL:     10   Next: 62%
Magic:  0/10       EV: 10    Int:  8    God:    Trog [****..]
Gold:   302        SH:  0    Dex: 13    Spells: 9/9 levels left

rFire   . .          .
                       - Unarmed
rCold   . . .        (no shield)
rNeg    . . .        m - +3 ring mail
rPois   .            (helmet currently unavailable)
rElec   .            (cloak currently unavailable)
rCorr   .            r - melded +0 pair of gloves
SInv    .            (no barding)
Will    .....        e - amulet of guardian spirit Stlth
                     (no ring)
HPRegen 0.41/turn    (no ring)
MPRegen 0.12/turn

%: guardian spirit, roll
@: berserking (expiring), beast-form, studying Shapeshifting, very quick
A: beast (slay +4), large, deformed body, tough skin 3, armoured tail, roll 2
a: Begin Untransformation, Renounce Religion, Berserk, Trog's Hand, Brothers in
Arms


You were in a bailey.
You worshipped Trog.
Trog was greatly pleased with you.
You were a hulking beast.
You visited 1 branch of the dungeon, and saw 8 of its levels.
You also visited: Bailey.

You collected 412 gold pieces.
You spent 110 gold pieces at shops.

Inventory:

Hand Weapons
 g - a +2 short sword
 G - the +3 rapier of Pestilence {speed, Will+ Str+2}
   (You found it on level 7 of the Dungeon)

   Str+2:     It affects your strength (+2).
   Will+:     It increases your willpower.
 K - the +6 broad axe of Mutilation {pain, rPois Dex+2 Stlth-}
   (You found it in a bailey)

   Dex+2:     It affects your dexterity (+2).
   rPois:     It protects you from poison Stlth-: It makes you less stealthy.
Missiles
 f - 27 boomerangs
 h - 58 stones (quivered)
 s - 18 poisoned darts
 B - 4 silver javelins
 L - 4 atropa-tipped darts
Armour
 a - a +0 animal skin
 i - a +0 ring mail
 m - a +3 ring mail (worn)
 r - a +0 pair of gloves (melded)
 z - a +0 helmet
 C - a +0 cloak
 D - an orb of mayhem
 F - a +0 pair of gloves
Jewellery
 e - an amulet of guardian spirit (around neck)
 o - a ring of ice
 t - a ring of flight
Talismans
 k - a maw talisman
 p - a beast talisman (active)
 v - a talisman of death
Wands
 c - a wand of flame (1)
 u - a wand of quicksilver (2)
 y - a wand of iceblast (8)
Scrolls
 j - 3 scrolls of teleportation
 n - 3 scrolls of enchant weapon
 q - 2 scrolls of blinking
 x - a scroll of fog {unknown}
 E - a scroll of identify
 I - a scroll of enchant armour {unknown}
Potions
 b - a potion of berserk rage
 d - 2 potions of enlightenment
 l - a potion of haste
 w - 2 potions of curing
 A - a potion of mutation {unknown}
 H - a potion of lignification {unknown}
Miscellaneous
 J - a lightning rod (4/4)


   Skills:
 + Level 7.0 Fighting
 - Level 2.4 Armour
 + Level 5.5 Dodging
 * Level 9.6 Unarmed Combat
 - Level 7.0 Shapeshifting


You had 9 spell levels left.
You didn't know any spells.
Your spell library was empty.

Dungeon Overview and Level Annotations

Branches:
Dungeon (8/15)             Temple (0/1) D:6          Bailey (1/1)
   Lair: D:8-11

Altars:
Ashenzari
Nemelex Xobeh
Okawaru
The Shining One

Shops:
D:5 !


Innate Abilities, Weirdness & Mutations

You are a hulking beast.
Your limbs bulge with bestial killing power. (Slay +4)
Armour fits poorly on your strangely shaped body.
You have extremely tough skin. (AC +3)
You have a long armoured tail.
You regenerate magic and health when rolling toward enemies. (Rampage Regen)


Message History

* * * LOW HITPOINT WARNING * * *
The orc warrior barely misses you.
The orc warrior hits you with a +0 war axe.
* * * LOW HITPOINT WARNING * * *
The kobold brigand hits you with a +0 war axe.
* * * LOW HITPOINT WARNING * * *
You punch the orc warrior!
You tail-slap the orc warrior, but do no damage.
Your punch misses the orc warrior.
The orc warrior is almost dead.
You feel yourself speed up.
The orc warrior hits you with a +0 war axe!
* * * LOW HITPOINT WARNING * * *
The kobold brigand closely misses you. The orc warrior barely misses you.
The orc warrior hits you but does no damage.
The kobold brigand hits you with a +0 war axe!
* * * LOW HITPOINT WARNING * * *
Unknown command.
Unknown command.
Unknown command.
Unknown command.
You punch the orc warrior!
You kill the orc warrior!
Trog accepts your kill.
The orc warrior hits you with a +0 war axe.
* * * LOW HITPOINT WARNING * * *
The kobold brigand hits you but does no damage.
Unknown command.
You punch the orc warrior!
You kill the orc warrior!
Trog accepts your kill.
The kobold brigand hits you with a +0 war axe.
* * * LOW HITPOINT WARNING * * *
The orc warrior closely misses you.
Your life force feels restored.
You closely miss the orc warrior. You tail-slap the orc warrior!
The orc warrior is moderately wounded.
The kobold brigand barely misses you.
The kobold brigand hits you with a +0 war axe!
You die...

#.###~~.......~~###
#....~~.......~~.
#.###~~.......~~#
#....~~.......~~.
#####~~.......~~#
##~.......~#
####'''####
##..)o.## #∩..hK.∩#
#..o8K..# ##.....##
###'### ... .....
....... ........o
.........K.


You could see 2 orc warriors and 2 kobold brigands.

Vanquished Creatures
  Jeremiah (D:6)
  The ghost of TheBioAlchemist the Insei, a novice OpSh (D:4)
  Grinder (D:5)
  Sigmund (D:6)
  2 wyverns
  Eustachio (D:6)
  Menkaure (D:6)
  3 water moccasins
  Duvessa (D:6)
  2 black bears
  6 orc warriors
  2 ice beasts
  2 ogres
  2 centaurs
  3 phantoms
  3 kobold brigands (Bailey)
  5 bullfrogs
  3 scorpions
  6 wights (D:8)
  Dowan (D:6)
  A burial acolyte (D:8)
  11 killer bees (D:8)
  An electric eel (D:7)
  3 bombardier beetles
  4 howler monkeys
  A hound (D:6)
  3 jellies
  4 orc priests
  A centaur skeleton (D:4)
  2 gnoll boudas
  6 sleepcaps
  Ijyb (D:5)
  4 iguanas
  7 orc wizards
  5 adders
  A howler monkey skeleton (D:4)
  8 gnolls
  A shadow imp (D:6)
  4 white imps
  2 ufetubi (D:5)
  An adder zombie (D:8)
  3 dart slugs
  18 orcs
  4 endoplasms
  4 giant cockroaches
  7 goblins
  5 hobgoblins
  6 jackals (D:3)
  2 quokkas
  5 ball pythons
  5 bats
  3 frilled lizards
  2 jackal zombies (D:8)
  17 kobolds
  3 rats
202 creatures vanquished.

Vanquished Creatures (others)
  A goblin (D:8)
1 creature vanquished.

Grand Total: 203 creatures vanquished

Notes
Turn   | Place    | Note
-------+----------+-------------------------------------------
     0 | D:1      | jasper the Armataur Berserker began the quest for the Orb.
     0 | D:1      | Reached XP level 1. HP: 18/18 MP: 1/1
   132 | D:1      | Reached skill level 3 in Unarmed Combat
   166 | D:1      | Reached XP level 2. HP: 25/25 MP: 2/2
   752 | D:2      | Reached XP level 3. HP: 31/31 MP: 3/3
  1703 | D:3      | Reached ** piety under Trog
  1834 | D:3      | Reached skill level 1 in Shapeshifting
  1957 | D:3      | Found a broken altar of Ashenzari.
  1961 | D:3      | Saw a vision of the Swamp and the Spider Nest.
  1961 | D:3      | Noticed a culicivora
  1961 | D:3      | Noticed a redback
  1961 | D:3      | Noticed a tarantella
  1961 | D:3      | Noticed a demonic crawler
  1961 | D:3      | Noticed a radroach
  1961 | D:3      | Noticed a torpor snail
  1961 | D:3      | Noticed an emperor scorpion
  1961 | D:3      | Noticed a pharaoh ant
  1961 | D:3      | Noticed a jumping spider
  1961 | D:3      | Noticed a jumping spider
  1961 | D:3      | Noticed a swamp dragon
  1961 | D:3      | Noticed a five-headed hydra
  1961 | D:3      | Noticed a boulder beetle
  1961 | D:3      | Noticed a will-o-the-wisp
  1962 | D:3      | Noticed a wolf spider
  1963 | D:3      | Noticed a moth of wrath
  1965 | D:3      | Noticed an entropy weaver
  1967 | D:3      | Noticed a demonic crawler
  2056 | D:3      | Noticed a bullfrog
  2061 | D:3      | Killed a bullfrog
  2062 | D:3      | Reached XP level 4. HP: 38/38 MP: 4/4
  2537 | D:4      | Found an iron altar of Okawaru.
  2669 | D:4      | Reached XP level 5. HP: 45/45 MP: 5/5
  2684 | D:4      | Noticed a phantom
  2732 | D:4      | Killed a phantom
  2843 | D:4      | Found a runed translucent gate.
  2843 | D:4      | Found a runed translucent gate.
  2843 | D:4      | Found a runed translucent gate.
  2846 | D:4      | Noticed TheBioAlchemist's ghost (novice OpSh)
  2917 | D:4      | Reached XP level 6. HP: 8/51 MP: 3/6
  3559 | D:4      | Killed TheBioAlchemist's ghost
  3560 | D:4      | Reached skill level 5 in Shapeshifting
  3560 | D:4      | Gained mutation: You regenerate magic and health when
                  | rolling toward enemies. (Rampage Regen) [Armataur growth]
  3560 | D:4      | Reached XP level 7. HP: 57/57 MP: 7/7
  3575 | D:4      | Identified a scroll of acquirement
  3575 | D:4      | Acquired a manual of Shapeshifting
  3666 | D:5      | Entered Level 5 of the Dungeon
  3809 | D:5      | Found Qofri's Distillery.
  3820 | D:5      | Reached skill level 4 in Unarmed Combat
  3827 | D:5      | Bought a potion of haste for 110 gold pieces
  3942 | D:5      | Reached XP level 8. HP: 44/63 MP: 5/8
  4345 | D:5      | Reached skill level 5 in Unarmed Combat
  4491 | D:5      | Noticed Grinder
  4502 | D:5      | Paralysed by Grinder for 5 turns
  4508 | D:5      | Killed Grinder
  4655 | D:5      | Noticed Ijyb
  4664 | D:5      | Killed Ijyb
  4840 | D:6      | Noticed Jeremiah
  5005 | D:6      | Noticed Eustachio
  5012 | D:6      | Killed Eustachio
  5017 | D:6      | Reached skill level 6 in Unarmed Combat
  5114 | D:6      | Reached XP level 9. HP: 66/73 MP: 5/9
  5275 | D:6      | Noticed Sigmund
  5282 | D:6      | Killed Sigmund
  5283 | D:6      | Reached skill level 5 in Fighting
  5403 | D:6      | Noticed Menkaure
  5409 | D:6      | Killed Menkaure
  5538 | D:6      | Reached *** piety under Trog
  5539 | D:6      | Reached skill level 7 in Unarmed Combat
  5814 | D:6      | Found a staircase to the Ecumenical Temple.
  5830 | D:6      | Noticed Duvessa
  5830 | D:6      | Noticed Dowan
  5835 | D:6      | Killed Duvessa
  5839 | D:6      | Killed Dowan
  6087 | D:6      | Killed Jeremiah
  6189 | D:7      | Reached skill level 8 in Unarmed Combat
  6333 | D:7      | Found a sparkling altar of Nemelex Xobeh.
  6418 | D:7      | Reached XP level 10. HP: 75/83 MP: 7/10
  6733 | D:7      | Found a glowing golden altar of the Shining One.
  6849 | D:7      | Identified the +3 rapier of Pestilence {speed, Will+ Str+2}
  7225 | D:8      | Reached skill level 5 in Dodging
  7560 | D:8      | Reached skill level 9 in Unarmed Combat
  7694 | D:8      | Reached **** piety under Trog
  7745 | D:8      | Found a flagged portal.
  7765 | Bailey   | Entered a bailey
  7900 | Bailey   | Identified the +6 broad axe of Mutilation {pain, rPois
                  | Dex+2 Stlth-}
  7921 | Bailey   | HP: 3/127 [kobold brigand/+0 war axe (4)]
  7922 | Bailey   | Slain by a kobold brigand

Illustrated notes

Levels and vault maps discovered:
D:1:      roadster_arrival_rocket_small, layout_rooms
D:2:      mumra_celtic_spiral_tile, layout_loops_ring
D:3:      layout_rooms, grunt_ashenzari_visionary
          [grunt_ashenzari_visionary_swamp, grunt_ashenzari_visionary_spider]
D:4:      layout_basic, mainiacjoe_overflow_boulevard,
          gammafunk_ghost_necromancy
D:5:      layout_loops_ring, serial_shops, shop, minivault_25, uniq_ijyb,
          uniq_grinder
D:6:      layout_basic, minmay_temple_entry_junction, kennysheep_generic_room_4,
          uniq_duvessa, uniq_eustachio, uniq_jeremiah, uniq_menkaure,
          uniq_sigmund
D:7:      layout_gridville, nicolae_tso_swordbearing_angel,
          nicolae_overflow_crystal_walls, chequers_serial_rivers_small_3,
          serial_bayou_pond_b
D:8:      kennysheep_ambush_hall, layout_basic,
          lemuel_zombie_altar_kikubaaqudgha, serial_corexii_hall,
          corexii_hall_statues_x, corexii_hall_statues_x, enter_bailey_5
Bailey:   bailey_axe_3, bailey

Skill      XL: |  1  2  3  4  5  6  7  8  9 10 |
---------------+-------------------------------+-----
Unarmed Combat | 3 4 6 8 9 |  9.6
Fighting       | 3 4 6 7 |  7.0
Shapeshifting  | 2 3 4 5 7 |  7.0
Dodging        | 2 3 4 5 |  5.5
Armour         | |  2.4

Action                     |  1- 3 |  4- 6 |  7- 9 | 10-12 || total
---------------------------+-------+-------+-------+-------++-------
  Melee: Unarmed           |   132 |    81 |   247 |   198 ||   658
         Tailslap          |    13 |    12 |    36 |    21 ||    82
         Punch             |     1 |     2 |    10 |    12 ||    25
  Throw: Stone             |    10 |     1 |       |       ||    11
 Invoke: Berserk           |     1 |     4 |     7 |     5 ||    17
         Trog's Hand       |       |     1 |     1 |     1 ||     3
  Evoke: Wand              |       |       |     5 |       ||     5
    Use: Scroll            |       |       |    10 |     3 ||    13
         Potion            |       |       |       |     1 ||     1
 Armour: Animal skin       |    19 |       |       |       ||    19
         Ring mail         |    54 |    48 |   174 |   178 ||   454
  Dodge: Dodged            |    47 |    32 |   103 |   107 ||   289
   Form: Beast             |       |     1 |       |       ||     1
